 Dungeon Crawl Stone Soup version 0.18.1-8-gdd0e5ea (webtiles) character file.

110 MARSONE the Shield-Bearer (level 4, -3/29 HPs)
             Began as a Gargoyle Fighter on May 22, 2016.
             Was a Follower of Makhleb.
             Slain by an ogre
             ... wielding a +0 giant spiked club
              (7 damage)
             ... on level 4 of the Dungeon.
             The game lasted 00:11:52 (2143 turns).

MARSONE the Shield-Bearer (Gargoyle Fighter)        Turns: 2143, Time: 00:11:53

Health: -3/29      AC: 14    Str: 25    XL:     4   Next: 91%
Magic:  4/4        EV:  6    Int:  9    God:    Makhleb [*.....]
Gold:   230        SH: 10    Dex:  9    Spells: 0 memorised, 3 levels left

rFire  + . .     SeeInvis .     a - +0 flail
rCold  x . .     Gourm    .     E - +0 chain mail
rNeg   + . .     Faith    .     c - +0 shield
rPois  ∞         Spirit   .     C - +0 helmet
rElec  +         Dismiss  .     (no cloak)
rCorr  .         Reflect  .     (no gloves)
SustAt .         Harm     .     (no boots)
MR     +....                    x - amulet of rage
Stlth  ..........               F - ring of fire
                                m - ring of protection from magic

@: mighty, somewhat resistant to hostile enchantments, extremely unstealthy
A: negative energy resistance 1, electricity resistance, unbreathing,
petrification resistance, rot immunity, AC +3
a: Renounce Religion, Evoke Berserk Rage


You were on level 4 of the Dungeon.
You worshipped Makhleb.
Makhleb was aware of your devotion.
You were not hungry.

You visited 1 branch of the dungeon, and saw 4 of its levels.

You collected 230 gold pieces.

Inventory:

Hand Weapons
 a - a +0 flail (weapon)
Missiles
 n - 14 poisoned needles
 r - 14 stones (quivered)
 u - 27 sling bullets
 w - 32 bolts
Armour
 b - a +0 scale mail
 c - a +0 shield (worn)
 C - a +0 helmet (worn)
 E - a +0 chain mail (worn)
Jewellery
 m - a ring of protection from magic (left hand)
 x - an amulet of rage (around neck)
 F - a ring of fire (right hand)
Wands
 z - a wand of lightning (7/15)
Scrolls
 i - a scroll of remove curse {unknown}
 o - a scroll of magic mapping {unknown}
 p - a scroll of teleportation {unknown}
 q - a scroll of amnesia {unknown}
 v - 3 scrolls of identify {unknown}
 y - a scroll of enchant weapon {unknown}
 A - a scroll of fog {unknown}
 B - a scroll of random uselessness {unknown}
Potions
 d - a potion of might
 e - a potion of cure mutation {unknown}
 k - 2 potions of brilliance {unknown}
 s - a potion of resistance {unknown}
 t - 2 potions of curing {unknown}
 D - 3 potions of magic {unknown}
Comestibles
 f - 4 bread rations
 g - a beef jerky
 j - 3 meat rations
 l - a slice of pizza


   Skills:
 + Level 4.2 Fighting
 + Level 2.4 Maces & Flails
 + Level 4.1 Armour
 + Level 4.3 Shields


You had 3 spell levels left.
You didn't know any spells.

Dungeon Overview and Level Annotations

Branches:
Dungeon (4/15)
 Temple: D:4-7

Altars:
Ashenzari
Kikubaaqudgha
Makhleb
Nemelex Xobeh


Innate Abilities, Weirdness & Mutations

You are resistant to torment.
Your stone body is resilient (AC +3).
You are immune to poison.
You resist negative energy.
You are resistant to electric shocks.
You can survive without breathing.
You are immune to petrification.
You are immune to rotting.


Message History

An adder comes into view.
An ogre comes into view. It is wielding a giant spiked club.
The ogre shouts!
You barely miss the adder.
The adder bites you but does no damage. x2
You hit the adder.
The adder is moderately wounded.
You block the adder's attack. The adder bites you but does no damage.
You closely miss the adder.
The adder is moderately wounded.
The adder bites you but does no damage. You block the adder's attack.
You closely miss the adder.
The adder is moderately wounded.
The adder barely misses you.
The ogre hits you with a giant spiked club!!
Ouch! That really hurt!
* * * LOW HITPOINT WARNING * * *
You block the adder's attack.
You feel very mighty all of a sudden.
The ogre hits you with a giant spiked club!
You die...

... .. ........ #.#
....##. .........# .(..
.....#.##........# ....
..............##.###....
.....)..................
............#.#.....#
#......##.#.......#
...#..O......##.....####
...$..S@.....##.......<.
.#......................
#..............>.......
#......#.#..##.###.##..
#......#....##.# #.##..
####.....#.###.. ......
#####.#.# #########.
#...# # #####


You could see an ogre and an adder.

Vanquished Creatures
  A hound (D:2)
  An adder (D:2)
  An ooze (D:3)
  3 dart slugs
  4 giant geckos
  4 orcs (D:3)
  A ball python (D:2)
  2 giant cockroaches
  5 goblins
  7 hobgoblins
  3 jackals (D:3)
  5 kobolds
  7 bats
  5 giant newts
  6 rats
55 creatures vanquished.

Notes
Turn   | Place    | Note
--------------------------------------------------------------
     0 | D:1      | MARSONE the Gargoyle Fighter began the quest for the Orb.
     0 | D:1      | Reached XP level 1. HP: 14/14 MP: 1/1
    74 | D:1      | Found a sparkling altar of Nemelex Xobeh.
   229 | D:1      | Reached XP level 2. HP: 19/19 MP: 2/2
   542 | D:2      | Reached XP level 3. HP: 24/24 MP: 3/3
  1183 | D:2      | Found an ancient bone altar of Kikubaaqudgha.
  1188 | D:2      | Found a shattered altar of Ashenzari.
  1403 | D:2      | Found a burning altar of Makhleb.
  1408 | D:2      | Reached XP level 4. HP: 27/29 MP: 4/4
  1424 | D:2      | Became a worshipper of Makhleb the Destroyer
  1849 | D:3      | Reached * piety under Makhleb
  2138 | D:4      | Noticed an ogre
  2143 | D:4      | Slain by an ogre

Skill      XL: |  1  2  3 |
---------------+----------+-----
Fighting       | 4 |  4.2
Armour         | 4 |  4.1
Shields        | 4 |  4.3
Maces & Flails | |  2.4

Action                   |  1- 3 |  4- 6 || total
-------------------------+-------+-------++-------
Melee: Flail             |   175 |    92 ||   267
Throw: Stone             |       |     3 ||     3
  Use: Potion            |       |     1 ||     1
  Eat: Chunk             |     2 |     3 ||     5
Armor: Scale mail        |   116 |    23 ||   139
       Chain mail        |       |    42 ||    42
Dodge: Dodged            |    60 |    32 ||    92
Block: Shield            |   112 |    54 ||   166
